 Seeded DCSS version 0.30-a0-778-g2ef04afb54 (webtiles) character file.

Game seed: 20230216 (custom seed)

34 RadioRiley the Trooper (level 3, 0/33 HPs)
             Began as a Draconian Berserker on Feb 16, 2023.
             Was a Follower of Trog.
             Slain by an adder (3 damage)
             ... on level 2 of the Dungeon.
             The game lasted 00:05:40 (638 turns).

RadioRiley the Trooper (Draconian Berserker)         Turns: 638, Time: 00:05:41

Health: 0/33       AC:  7    Str: 21    XL:     3   Next: 14%
Magic:  3/3        EV: 12    Int:  7    God:    Trog [*.....]
Gold:   16         SH:  0    Dex: 10    Spells: 2/2 levels left

rFire   . . .      SeeInvis .    a - +0 spear
rCold   . . .      Faith    .    (no shield)
rNeg    . . .      Spirit   .    (body armour unavailable)
rPois   .          Reflect  .    (helmet restricted)
rElec   .          Harm     .    (no cloak)
rCorr   .          Rampage  .    b - +1 pair of gloves
Will    .....                    (no boots)
Stlth   +                        (no amulet)
HPRegen 0.25/turn                (no ring)
MPRegen 0.08/turn                (no ring)

@: no status effects
A: AC +5, unfitting armour, cold-blooded
a: Renounce Religion, Berserk


You were on level 2 of the Dungeon.
You worshipped Trog.
Trog was aware of your devotion.
You visited 1 branch of the dungeon, and saw 2 of its levels.

You collected 16 gold pieces.

Inventory:

Hand Weapons
 a - a +0 spear (weapon)
Armour
 b - a +1 pair of gloves (worn)
 d - a +0 scale mail
Potions
 e - a potion of lignification
 f - a potion of brilliance


   Skills:
 + Level 3.6 Fighting
 + Level 3.6 Polearms
 + Level 3.1 Dodging
 + Level 0.1 Stealth


You had 2 spell levels left.
You didn't know any spells.
Your spell library was empty.

Dungeon Overview and Level Annotations

Branches:
Dungeon (2/15)

Altars:

Shops:
D:1 ((?


Innate Abilities, Weirdness & Mutations

Your plain brown scales are hard. (AC +5)
You cannot fit into any form of body armour.
You are cold-blooded and may be slowed by cold attacks.


Message History

You hit the adder.
You kill the adder!
Trog accepts your kill.
You feel sick. The adder bites you but does no damage. The adder misses you.
You have reached level 3!
Your experience leads to an increase in your attributes!
Increase (S)trength, (I)ntelligence, or (D)exterity?
Uppercase letters only, please.
You feel stronger. x2; Your scales feel tougher.
You hit the adder.
The adder is almost dead.
You feel sick. The adder closely misses you. The adder misses you.
You barely miss the adder.
The adder is almost dead.
You feel sick.
You are no longer poisoned.
The adder bites you but does no damage. The adder closely misses you.
You closely miss the adder.
The adder is almost dead.
The adder barely misses you. The adder closely misses you.
The worm completely misses you. The adder closely misses you.
You hit the worm.
The worm is moderately wounded.
The adder bites you but does no damage. x2
You hit the worm.
The worm is heavily wounded.
The adder bites you but does no damage. x2; The worm completely misses you.
You hit the worm.
Your tail-slap misses the worm.
The worm is severely wounded.
The adder bites you but does no damage. The adder closely misses you. x2
You hit the worm.
The worm is severely wounded.
The adder barely misses you. The worm bites you.
* * * LOW HITPOINT WARNING * * *
The adder bites you.
* * * LOW HITPOINT WARNING * * *
You barely miss the worm.
The worm is severely wounded.
The adder bites you.
You die...

#.. .. #..# #.
...... ...#.
#...
..##...#### #
........S.#...#
#.@S......
###w......
....... .......
...>... ..<....
....... .......


You could see a worm and 2 adders.

Vanquished Creatures
  2 adders (D:2)
  A worm (D:2)
  3 ball pythons (D:1)
  2 bats (D:1)
  A giant cockroach (D:1)
  2 goblins
  A quokka (D:1)
  A rat (D:1)
13 creatures vanquished.

Notes
Turn   | Place    | Note
-------+----------+-------------------------------------------
     0 | D:1      | RadioRiley the Draconian Berserker began the quest for the
                  | Orb.
     0 | D:1      | Reached XP level 1. HP: 19/19 MP: 1/1
   175 | D:1      | Found Faisydau's Antique Weapon Emporium.
   248 | D:1      | Found Oraoff's Weapon Emporium.
   295 | D:1      | Reached XP level 2. HP: 25/26 MP: 2/2
   333 | D:1      | Found Popn's Magic Scroll Shoppe.
   631 | D:2      | Reached XP level 3. HP: 10/33 MP: 3/3
   638 | D:2      | Slain by an adder

Illustrated notes

Levels and vault maps discovered:
D:1:      lightli_arrival_boilingwater, layout_basic, serial_shops,
          nicolae_shop_trees, shop, nicolae_shop_statue_plus
D:2:      layout_rooms, basic_altar, serial_park_tiny_1

Skill      XL: |  1 |
---------------+----+-----
Dodging        | 3 |  3.1
Fighting       | |  3.6
Polearms       | |  3.6
Stealth        | |  0.1

Action                     || total
---------------------------++-------
  Melee: Spear             ||    73
         Tailslap          ||     5
         Punch             ||     1
    Use: Scroll            ||     5
         Potion            ||     3
 Armour: Skin              ||    46
  Dodge: Dodged            ||    92

Table legend: (Time is in decaauts)
 A = Elapsed time spent in this place.
 B = Non-inter-level travel time spent in this place.
 C = Inter-level travel time spent in this place.
 D = Time resting spent in this place.
 E = Time spent auto-exploring this place.
 F = Levels seen in this place.
 G = Mean time per level.
                   A        B        C        D        E       F      G
               +--------+--------+--------+--------+--------+-----+--------+
         Total |    635 |    258 |    377 |      2 |     70 |   2 |  317.5 |
       Dungeon |    635 |    258 |    377 |      2 |     70 |   2 |  317.5 |
               +--------+--------+--------+--------+--------+-----+--------+

Top non-repeatable levels by time:
     D:1: 601 daAuts
     D:2: 34 daAuts
